 Dungeon Crawl Stone Soup version 0.30.1-3-gfc49f6343a (webtiles) character file.

Game seed: 7824369696846286229

66 worthlessgem the Conjurer (level 4, -13/34 HPs)
             Began as a Barachi Reaver on July 31, 2023.
             Killed by an exploding orc (18 damage)
             ... ignited by their inner flame
             ... on level 3 of the Dungeon.
             The game lasted 00:07:18 (2169 turns).

worthlessgem the Conjurer (Barachi Reaver)          Turns: 2169, Time: 00:07:20

Health: -13/34     AC:  6    Str: 14    XL:     4   Next: 15%
Magic:  7/7        EV: 11    Int: 13    God:
Gold:   105        SH:  0    Dex: 12    Spells: 6/7 levels left

rFire   + . .        a - +0 falchion
rCold   + . .        (no shield)
rNeg    . . .        b - +0 leather armour
rPois   .            (no helmet)
rElec   .            k - scarf {rC+ rF+}
rCorr   .            m - +2 pair of gloves
SInv    .            (no boots)
Will    .....        (no amulet)
Stlth   +            (no ring)
HPRegen 0.25/turn    (no ring)
MPRegen 0.10/turn

%: no passive effects
@: weak-willed, slow
A: amphibious, slowness 1, strong legs 1, +LOS
a: Hop


You were on level 3 of the Dungeon.
You visited 1 branch of the dungeon, and saw 3 of its levels.

You collected 105 gold pieces.

Inventory:

Hand Weapons
 a - a +0 falchion (weapon)
Missiles
 c - 15 stones (quivered)
 h - 11 poisoned darts
Armour
 b - a +0 leather armour (worn)
 k - a scarf of resistance (worn)
 m - a +2 pair of gloves (worn)
Scrolls
 d - 2 scrolls of enchant armour
 g - 2 scrolls of noise
 i - a scroll of vulnerability
 p - a scroll of fog {unknown}
 r - a scroll of teleportation {unknown}
Potions
 e - a potion of magic {unknown}
 f - 2 potions of lignification {unknown}
 j - 2 potions of mutation {unknown}
 l - a potion of brilliance {unknown}
 q - 2 potions of flight {unknown}
 s - a potion of attraction {unknown}


   Skills:
 - Level 2.4 Fighting
 - Level 4.5 Long Blades
 - Level 2.1 Dodging
 - Level 2.1 Spellcasting
 + Level 4.7 Conjurations


You had 6 spell levels left.
You knew the following spells:

 Your Spells              Type           Power      Damage    Failure   Level
a - Kiss of Death         Conj/Necr      28%        2d7       12%         1

Your spell library contained the following spells:

 Spells                   Type           Power      Damage    Failure   Level
 Momentum Strike          Conj/Tloc      14%        3d8       19%         2
 Hailstorm                Conj/Ice       7%         3d4       34%         3
 Stone Arrow              Conj/Erth      14%        3d7       34%         3
 Animate Armour           Summ/Erth      2%         N/A       97%         4
 Lehudib's Crystal Spear  Conj/Erth      3%         10d3      100%        8


Dungeon Overview and Level Annotations

Branches:
Dungeon (3/15)

Altars:

Shops:
D:1 ((=   D:3 (


Innate Abilities, Weirdness & Mutations

You are amphibious.
You cover ground slowly.
You can hop short distances.
You have an extended range of vision and can be seen from far away.


Message History

The stone hits the orc priest.
The orc priest is lightly wounded.
The orc priest calls upon Beogh to heal the orc.
The orc's wounds heal themselves!
The orc barely misses you.
You hear a shout!
You barely miss the orc. The orc barely misses you.
As you read the scroll labelled VUBBAR NADISCHO, it crumbles to dust.
It is a scroll of enchant armour.
Your +1 pair of gloves glows green for a moment.
The orc closely misses you.
As you read the scroll labelled RUYDIC CUYFICS, it crumbles to dust.
You hear a loud clanging noise!
It was a scroll of noise.
You hear a shout!
You hear an angry hiss.
As you read the scroll labelled TAUM FUUT TUA, it crumbles to dust.
Magic quickly surges around you.
It was a scroll of vulnerability.
The orc hits you with a +0 flail.
An orc comes into view. It is wielding a +0 hand axe.
As you read the scroll labelled KIWKESHREBB, it crumbles to dust.
The creatures around you are filled with an inner flame!
It was a scroll of immolation.
The orc hits you with a +0 flail.
Throw: 16 stones
Press: ? - help, Q - select action, (/) - cycle Shift-Dir - straight line, f - orc priest, p - orc
Aim: an orc priest, wielding a +0 short sword (lightly wounded, inner flame, weak-willed, 57% to hit)
You throw a stone. The stone barely misses the orc priest.
The orc hits you but does no damage. x2; The orc misses you.
The orc priest closely misses you.
As you read the scroll labelled IROPEDGHEBLU, it crumbles to dust.
Your body is wracked with pain!
The orc convulses!
Flame seeps out of the orc.
The orc priest convulses!
Flame seeps out of the orc priest.
The orc convulses!
Flame seeps out of the orc.
It was a scroll of torment.
The orc priest is engulfed in blazing flames.
The orc priest explodes!
The fiery explosion engulfs the orc!!
The fiery explosion engulfs the orc!!!
The fiery explosion engulfs you! You resist.
* * * LOW HITPOINT WARNING * * *
The orc explodes!
The fiery explosion engulfs you!! You resist.
Ouch! That really hurt!
You die...

#.....#.##..#..#####..
#####.................#...
......................+...
..........#...........+...
............†.........#...
#####.....#.#.#.#..##.##..
.#####..................##.
.
...............#.#.......##
.#
.#####...○@§...............
.#
........§○○................
..
........§§§§............. .
... .......#........<.. .
.## ##.###.#.........#. .
.). ... .............. ...
. ...#.........#. ..
###.#.###.....# ##.# # #.#
.....#


There were no monsters in sight!

Vanquished Creatures
  An orc priest (D:3)
  An orc wizard (D:3)
  A worm (D:2)
  2 dart slugs (D:1)
  2 orcs (D:3)
  5 endoplasms
  4 giant cockroaches (D:1)
  A goblin (D:3)
  4 hobgoblins
  A kobold (D:2)
  A quokka (D:1)
  3 ball pythons
  3 bats
  2 frilled lizards
  5 rats
36 creatures vanquished.

Notes
Turn   | Place    | Note
-------+----------+-------------------------------------------
     0 | D:1      | worthlessgem the Barachi Reaver began the quest for the
                  | Orb.
     0 | D:1      | Reached XP level 1. HP: 17/17 MP: 3/3
   154 | D:1      | Found Wijui's Antique Weapon Boutique.
   274 | D:1      | Reached XP level 2. HP: 12/23 MP: 5/5
   332 | D:1      | Found Wut Kauw's Jewellery Emporium.
   640 | D:1      | Found Qebolier's Antique Weapon Boutique.
  1141 | D:2      | Reached XP level 3. HP: 28/28 MP: 6/6
  1532 | D:2      | Found a faded altar of an unknown god.
  1930 | D:3      | Found Zuodunauni's Antique Weapon Shoppe.
  2102 | D:3      | Reached XP level 4. HP: 27/34 MP: 7/7
  2169 | D:3      | Killed by an exploding orc... ignited by their inner flame

Illustrated notes

Levels and vault maps discovered:
D:1:      ncdulo_smallfort, layout_basic, serial_shops,
          nicolae_shop_tiny_waterfront, nicolae_shop_waterfront, shop
D:2:      layout_loops_ring, ebering_ecumenical_altar_petrified
D:3:      layout_basic, serial_shops, shop, minmay_misc_feat_encased,
          kennysheep_generic_room_3

Skill      XL: |  1  2  3 |
---------------+----------+-----
Long Blades    | 4 |  4.5
Conjurations   | 4 |  4.7
Fighting       | |  2.4
Dodging        | |  2.1
Spellcasting   | |  2.1

Action                     |  1- 3 |  4- 6 || total
---------------------------+-------+-------++-------
  Melee: Falchion          |   120 |     1 ||   121
  Throw: Stone             |     7 |     8 ||    15
         Dart              |     2 |       ||     2
    Use: Scroll            |       |     5 ||     5
 Armour: Leather armour    |    35 |     3 ||    38
  Dodge: Dodged            |    59 |     5 ||    64
